Cogmind - Beta 11 @@@ ROGUE MODE // 2022.04.04 @ 23:25:46 Player: Strikerv2 Result: Destroyed by D-53 Grenadier with Mini Grenade Launcher Performance ------------- Evolutions (0) 0 Regions Visited (2) 400 Robots Destroyed (2) 10 Value Destroyed (41) 41 Prototype IDs (0) 0 Alien Tech Used (0) 0 Bonus (0) 0 TOTAL SCORE: 451 Bonus ------- None Cogmind --------- Core Integrity 0/250 Matter 108/300 Energy 95/125 System Corruption 0% Temperature Cool (0) Movement Core (850) Ox16 Location -10/Mines Parts ------- > --- POWER (1) -------- Light Ion Engine > --- PROPULSION (2) --- (None) > --- UTILITY (2) ------ High-capacity Storage Unit Signal Interpreter > --- WEAPON (2) ------- Grenade Launcher Grenade Launcher > --- INVENTORY (20) --- Light Ion Engine Huge Storage Unit Propulsion Shielding Propulsion Shielding Propulsion Shielding Propulsion Shielding EM Pulse Gun Assault Rifle Light Assault Rifle Light Assault Rifle Light Assault Rifle Light Assault Rifle Light Assault Rifle Datajack Hammer Proton Bomb Trap Proton Bomb Trap Proton Bomb Trap Peak State ------------ > --- POWER ------------ Light Ion Engine > --- PROPULSION ------- Wheel Wheel > --- UTILITY ---------- High-capacity Storage Unit Signal Interpreter > --- WEAPON ----------- Assault Rifle Light Assault Rifle > --- INVENTORY -------- Light Ion Engine Propulsion Shielding EM Pulse Gun Light Assault Rifle Light Assault Rifle Light Assault Rifle Light Assault Rifle Grenade Launcher Grenade Launcher Datajack [Rating: 8] Favorites ----------- Power Light Ion Engine Engine Light Ion Engine Propulsion Wheel Wheel Wheel Utility Signal Interpreter Storage High-capacity Storage Unit Processor Signal Interpreter Weapon Light Assault Rifle Ballistic Gun Light Assault Rifle Launcher Grenade Launcher Impact Weapon Hammer Special Melee Weapon Datajack Build | -11 -10 -10 ------- Run | Scr Mat Min Slots Evolved . | . . . Power . | . . . Propulsion . | . . . Utility . | . . . Weapon . | . . . Parts Attached 16 | 5 5 6 Power 1 | 1 . . Engine 1 | 1 . . Core . | . . . Reactor . | . . . Propulsion 3 | 2 1 . Treads . | . . . Leg . | . . . Wheel 3 | 2 1 . Hover . | . . . Flight . | . . . Utility 2 | . 2 . Device . | . . . Storage 1 | . 1 . Processor 1 | . 1 . Hackware . | . . . Protection . | . . . Artifact . | . . . Weapon 10 | 2 2 6 Energy Gun . | . . . Energy Cannon . | . . . Ballistic Gun 4 | 2 1 1 Ballistic Cannon . | . . . Launcher 3 | . . 3 Special Weapon . | . . . Impact Weapon 1 | . . 1 Slashing Weapon . | . . . Piercing Weapon . | . . . Special Melee Weapon 2 | . 1 1 Unidentified Prototypes . | . . . Parts Lost 2 | . . 2 Power . | . . . Propulsion 2 | . . 2 Utility . | . . . Weapon . | . . . Highest Loss Streak 2 | . . 2 To Critical Strikes . | . . . Average Slot Usage (%) 96 | . 95 97 Engine 14 | . 14 14 Wheel 27 | . 28 25 Storage 11 | . 10 14 Processor 13 | . 13 14 Ballistic Gun 22 | . 21 24 Special Melee Weapon 4 | . 6 . Naked Turns . | . . . Heaviest Build 48 | 5 46 48 Greatest Support 20 | 20 20 20 Greatest Overweight (x) 4 | . 2 4 Average Overweight (x) 1 | . 1 2 Largest Inventory Capacity 20 | 5 20 20 Average Capacity 16 | 5 15 20 Most Carried 19 | 4 15 19 Average Carried 9 | 1 7 17 Final Capacity 20 | 5 20 20 Final Carried 18 | 2 15 18 Class Distribution -------------------- 100% | Mutant Dominant Class ---------------- Mutant | -10/Materials Mutant | -10/Mines Resources | -11 -10 -10 ----------- Run | Scr Mat Min Matter Collected 225 | 165 30 30 Remotely . | . . . Salvage Created 92 | . 30 62 Parts 4 | . 3 1 Haulers Intercepted . | . . . Recyclers Shooed . | . . . Parts Field Recycled . | . . . Retrieved Matter . | . . . Parts Self-Destructed . | . . . Prevented . | . . . Kills | -11 -10 -10 ------- Run | Scr Mat Min Combat Hostiles Destroyed 9 | . 1 8 Guns 2 | . 1 1 AOE 7 | . . 7 Classes Destroyed 3 | . 1 2 Tunneler 1 | . . 1 Grunt 1 | . 1 . Assembled 8 | . . 8 Best Kill Streak 8 | . 1 8 Combat Bots Only 8 | . 1 8 Max Kills in Single Turn 6 | . 1 6 Gunslinging . | . . . Exploded 6 | . . 6 Melee . | . . . Uniques/NPCs Destroyed . | . . . Combat | -11 -10 -10 -------- Run | Scr Mat Min Damage Taken 654 | . 43 611 Core 257 | . 33 224 Absorbed by Shields . | . . . Core Remaining (%) 100 | 100 . . Volleys Fired 13 | . 6 7 Largest 2 | . 1 2 Hottest 60 | . 20 60 Shots Fired 15 | . 6 9 Gun 11 | . 6 5 Cannon . | . . . Launcher 4 | . . 4 Special . | . . . Kinetic 11 | . 6 5 Thermal . | . . . Explosive 4 | . . 4 Electromagnetic . | . . . Robot Hit Streak 3 | . 2 3 Robot Miss Streak 3 | . 3 3 Penetration Max . | . . . Secondary Targets . | . . . Shots Hit Robots 10 | . 7 3 Core Hits 21 | . 2 19 Critical Kills . | . . . Critical Parts Destroyed . | . . . Critical Strikes . | . . . Melee Attacks 5 | . 4 1 Impact 1 | . . 1 Slashing . | . . . Piercing . | . . . Sneak Attacks 4 | . 4 . Combat Hostiles . | . . . Follow-up Attacks . | . . . Damage Inflicted 556 | . 48 508 Guns 93 | . 48 45 Cannons . | . . . Explosions 463 | . . 463 Melee . | . . . Ramming . | . . . Kinetic 93 | . 48 45 Thermal . | . . . Explosive 463 | . . 463 Electromagnetic . | . . . Impact . | . . . Slashing . | . . . Piercing . | . . . Highest Corruption . | . . . Average Corruption . | . . . Corruption Purged . | . . . Corruption Blocked . | . . . Overload Shots . | . . . Overflow Damage 8 | . . 8 Projectiles . | . . . Explosions 8 | . . 8 Melee . | . . . Knockbacks . | . . . Impact . | . . . Kinetic . | . . . Secondary . | . . . Self-Inflicted Damage 15 | . . 15 Shots 1 | . . 1 Rammed . | . . . Targets Rammed . | . . . Kicked . | . . . Crushed . | . . . Highest Temperature 20 | . . 20 Average Temperature 20 | . . 20 Received Heat Transfer 164 | . 24 140 Siege Activations . | . . . Robots Corrupted . | . . . Combat Hostiles . | . . . Parts Fried . | . . . Impact Corruptions . | . . . Robots Melted . | . . . Combat Hostiles . | . . . Parts Melted . | . . . Heat Transferred . | . . . Parts Sabotaged . | . . . Parts Stolen . | . . . Parts Stripped . | . . . Power Chain Reactions . | . . . Missiles Intercepted . | . . . Alert | -11 -10 -10 ------- Run | Scr Mat Min Peak Influence 68 | . 35 68 Initial 13 | . . 13 Average 15 | . 13 24 Maximum Alert Level . | . . . Low Security (%) 100 | 100 100 100 Level 1 . | . . . Level 2 . | . . . Level 3 . | . . . Level 4 . | . . . Level 5 . | . . . High Security . | . . . Max Security . | . . . Squads Dispatched . | . . . Investigation . | . . . Extermination . | . . . Reinforcement . | . . . Assault . | . . . Garrison . | . . . Intercept . | . . . Searches Triggered . | . . . Construction Impeded . | . . . Haulers Reinforced . | . . . Active Scanning Responses . | . . . Cargo Convoy Interrupts . | . . . Stealth | -11 -10 -10 --------- Run | Scr Mat Min Distress Signals . | . . . Communications Jammed . | . . . Distress Signals . | . . . Times Spotted 20 | . 2 18 Peak Tracking Total 16 | . 1 16 Tactical Retreats 1 | . . 1 Traps | -11 -10 -10 ------- Run | Scr Mat Min Traps Triggered . | . . . Indirectly . | . . . Trap Hack Attempts . | . . . Triggered . | . . . Disarmed . | . . . Reprogrammed . | . . . Reused . | . . . Traps Extracted . | . . . Installed . | . . . Triggered . | . . . Most Traps Carried 4 | . . 4 Machines | -11 -10 -10 ---------- Run | Scr Mat Min Machines Disabled . | . . . Max in Single Turn . | . . . Machines Sabotaged . | . . . Garrisons Compromised . | . . . Overloaded Fab Kills . | . . . Hacking | -11 -10 -10 --------- Run | Scr Mat Min Machines Accessed . | . . . Terminals . | . . . Fabricators . | . . . Repair Stations . | . . . Recycling Units . | . . . Scanalyzers . | . . . Garrison Access . | . . . Total Hacks . | . . . Successful . | . . . Failed . | . . . Catastrophic . | . . . Database Lockouts . | . . . Manual . | . . . Terminals . | . . . Fabricators . | . . . Repair Stations . | . . . Recycling Units . | . . . Scanalyzers . | . . . Garrison Access . | . . . Terminal Hacks . | . . . Fabricator Hacks . | . . . Repair Station Hacks . | . . . Recycling Unit Hacks . | . . . Scanalyzer . | . . . Garrison Access Hacks . | . . . Unauthorized Hacks . | . . . Terminals . | . . . Fabricators . | . . . Repair Stations . | . . . Recycling Units . | . . . Scanalyzers . | . . . Garrison Access . | . . . Data Cores Recovered . | . . . Used . | . . . Hacking Detections . | . . . Full Trace Events . | . . . Feedback Events . | . . . Feedback Blocked . | . . . Robot Schematics Acquired . | . . . Robots Built . | . . . Authchips . | . . . Time . | . . . Total Robot Build Rating . | . . . Part Schematics Acquired . | . . . Parts Built . | . . . Authchips . | . . . Time . | . . . Total Part Build Rating . | . . . Parts Repaired . | . . . Time . | . . . Parts Recycled . | . . . Recycled Matter . | . . . Retrieved Matter . | . . . Retrieved Components . | . . . Parts Scanalyzed . | . . . Part Schematics Acquired . | . . . Parts Damaged . | . . . Bothacking | -11 -10 -10 ------------ Run | Scr Mat Min Used RIF Installer . | . . . Robots Hacked 1 | . 1 . Non-combat 1 | . 1 . Combat . | . . . Robot Hacks Applied 1 | . 1 . no_distress 1 | . 1 . Relay Couplers Released . | . . . Fabnet Peak Effective % . | . . . Robots Rewired . | . . . Allies Hacked . | . . . Hacks Repelled . | . . . Allies | -11 -10 -10 -------- Run | Scr Mat Min Total Allies . | . . . Largest Group . | . . . Highest-Rated Group . | . . . Highest-Rated Ally . | . . . Total Orders . | . . . Ally Attacks . | . . . Total Damage . | . . . Kills . | . . . Allies Corrupted . | . . . Allies Melted . | . . . Intel | -11 -10 -10 ------- Run | Scr Mat Min Robot Analysis Total . | . . . Derelict Logs Recovered . | . . . Drone Launches . | . . . Drone Recoveries . | . . . Exploration | -11 -10 -10 ------------- Run | Scr Mat Min Turns Passed 492 | 41 329 122 Spaces Moved 409 | 42 284 83 Core 13 | 13 . . Treads . | . . . Legs . | . . . Wheels 396 | 29 284 83 Hover . | . . . Flight . | . . . Fastest Speed 50 | 50 80 110 Average Speed 99 | 70 99 110 Slowest Speed 140 | 80 110 140 Overloaded Moves . | . . . Propulsion Burnouts . | . . . Robots Hopped . | . . . Cave-ins Triggered . | . . . Exploration Rate (%) 22 | 5 40 22 Regions Visited 2 Branch Regions 1 Pre-discovered Areas . | . . . Known Exits Taken 1 | . 1 . Unknown Exits Taken 1 | 1 . . Scrap Searched . | . . . Spaces Dug . | . . . Terrain Destroyed 36 | . . 36 Melee . | . . . Projectile . | . . . AOE 36 | . . 36 Terrain Rammed . | . . . Walls Destroyed . | . . . Machines Disabled . | . . . Actions | -11 -10 -10 --------- Run | Scr Mat Min Total 479 | 53 322 104 Wait 1 | . 1 . Move 407 | 41 283 83 Hop . | . . . Pick Up 31 | 7 19 5 Fast Attach . | . . . Attach 8 | 5 3 . Detach . | . . . Swap 8 | . 2 6 Drop 6 | . 4 2 Fire 13 | . 6 7 Melee 5 | . 4 1 Ram . | . . . Kick . | . . . Crush . | . . . Escape Stasis . | . . . Rewire . | . . . Trap . | . . . Miscellaneous . | . . . Route ------- -11/Scrapyard -10/Materials (discovered 2 exits: *Min x2) -10/Mines History --------- Turn | Location | Event 27 | -11/Scrapyard | Discovered new exit (range 15) 42 | -11/Scrapyard | Entered Materials 259 | -10/Materials | Discovered new exit (range 10) 306 | -10/Materials | Build established: Mutant 323 | -10/Materials | Identified exit to Mines 348 | -10/Materials | Discovered exit to Mines (range 7) 371 | -10/Materials | Entered Mines 393 | -10/Mines | Found a hidden stash of uninstalled traps 453 | -10/Mines | Assembled infested the area 458 | -10/Mines | Assisted by a Guerilla fighting off Assembled 488 | -10/Mines | Core integrity fell below 50% 490 | -10/Mines | Core integrity fell below 20% 493 | -10/Mines | Destroyed by D-53 Grenadier with Mini Grenade Launcher Last Messages --------------- 00474_ as-69973 destroyed. 00481_ as-77678 shuts down. 00482_ as-77678 destroyed. 00482_ as-22609 destroyed. 00482_ Destroyed Asb. F-torch. 00482_ as-04529 destroyed. 00482_ as-11429 destroyed. 00482_ as-84880 destroyed. 00482_ as-25469 destroyed. 00482_ Wheel destroyed. 00482_ Destroyed Wheel. 00487_ as-05483 destroyed. 00487_ as-10933 destroyed. 00487_ as-99552 destroyed. 00487_ as-75946 destroyed. 00489_ Wheel destroyed. 00489_ as-22183 destroyed. 00489_ as-71883 destroyed. 00489_ as-37209 destroyed. 00491_ The unstable cave ceiling collapses. Map ----- +----------------------------------------------------+ | ???????????????### ?????????????? | | ???????????????# ?????????????? | | ??????????????? ?????????????? | | ???????????????? ?????????????? | | ????????????????? ?????????????? | | ????????????????? ?????????????? | | ?????????????????? ##???????????? | | ??????????????????? #???????????? | | ???????????????????? ##??????????? | | ????????????????????# ##?????????? | | ?????????????????????" ##????????? | | ?????????????????????# #????????? | | ?????????????????????# #????????? | | ?????????????????????## ##????????? | | ??????????????????????# ##?????????? | | ??????????????????????# #??????????? | | ??????????????????????# #??????????? | | ??????????????????????#a#??????????? | | ????????????????# ##### #??????????? | | ????????????????# #######????? | | ????????????????####### # ?????? | | ?????????????????????## ##????? | | ????????????????????## #????? | | ????????????????????# #????? | | ????????????????????# ##???? | | ????????????????????# @ ##??? | | ????????????????????# #??? | | ????????????????????# #??? | | ????????????????????## ##??? | | ?????????????????????## ##???? | | ??????????????????????# #????? | | ?????????????????????? # #????? | | ?????????????????????? ###????? | | ?????????????????????# d #??????? | | ?????????????????????## d #?###??? | | ?????????????????????##% ## ##?? | | ?????????????????????# ##? | | ?????????????????????# #? | | ?????????????#???????# #? | | ?????????????# ??????# #? | | ?????????????# ?????# ## #? | | ????????????## #????# ##?# ##? | | ??????????### #???# #???###?? | | ????????? #??# ##???????? | | ????????? #?# ###????????? | | ????????????# ## #??????????? | | ?????????????# ##?????##??? | | ???????????????# ##### ##?? | | ???????????????## * #?? | | ??????????####### #?? | +----------------------------------------------------+ Best States ------------- Heat Dissipation 25 Energy Generation 10 Energy Capacity 125 Matter Stores 215 Matter Capacity 300 Sight Range 16 Terrain Scan Density 10 Evasion (%) 50 Item Schematics ----------------- None Robot Schematics ------------------ None Fabricated ------------ Nothing Alien Tech Used ----------------- None Achievements -------------- None Challenges ------------ None Game ------ Seed UtilityTachyonFlakker Manual? 0 Play Time 00:10:05 Cumulative 2.2 hours Start 2022.04.04 @ 23:15:46 End 2022.04.04 @ 23:25:46 Sessions 1 Manual Loads 0 Difficulty Rogue Special Mode None Game No. 6 Rogue 6 Adventurer 0 Explorer 0 Win Type - Total 0 Types 0/0/0/0/0/0/0/0/0 Lore% 1 Gallery% 5 Achievement% 6 Wizard Run 0 Options --------- ASCII 0 Keyboard 0 Movement Numpad Keybinds 0 Fullscreen 1 Font 20/SmallcapsGlow Map View 66x50 Tactical HUD 1 Map Filters NONE Filters NONE Steam 1 RUN: 2d3d1b68-5346-4c96-9611-967daa8b533c